 Dungeon Crawl Stone Soup version 0.29-a0-551-gffc1d7fb78 (webtiles) character file.

Game seed: 14054542117327429549

2 shadowstone the Sneak (level 1, -2/12 HPs)
             Began as a Gargoyle Brigand on June 5, 2022.
             Slain by an adder (3 damage)
             ... on level 2 of the Dungeon.
             The game lasted 00:00:46 (98 turns).

shadowstone the Sneak (Gargoyle Brigand)              Turns: 98, Time: 00:00:47

Health: -2/12      AC:  5    Str: 14    XL:     1   Next: 40%
Magic:  1/1        EV: 11    Int: 11    God:
Gold:   0          SH:  0    Dex: 11    Spells: 0/0 levels left

rFire   . . .      SeeInvis .   a - +2 dagger
rCold   . . .      Faith    .   (no shield)
rNeg    + . .      Spirit   .   b - +0 robe
rPois   ∞          Reflect  .   (no helmet)
rElec   +          Harm     .   c - +0 cloak
rCorr   .          Rampage  .   (no gloves)
Will    .....                   (no boots)
Stlth   +++.......              (no amulet)
HPRegen 0.04/turn               (no ring)
MPRegen 0.07/turn               (no ring)

@: no status effects
A: sickness immunity, AC +2, negative energy resistance 1, electricity
resistance, torment resistance 1, petrification resistance
a: no special abilities


You were on level 2 of the Dungeon.
You visited 1 branch of the dungeon, and saw 2 of its levels.

Inventory:

Hand Weapons
 a - a +2 dagger (weapon)
Missiles
 d - 9 poisoned darts (quivered)
 e - 3 curare-tipped darts
Armour
 b - a +0 robe (worn)
 c - a +0 cloak (worn)


   Skills:
 + Level 2.1 Fighting
 + Level 1.7 Short Blades
 + Level 1.7 Throwing
 + Level 0.7 Dodging
 + Level 4.6 Stealth


You couldn't memorise any spells.
You didn't know any spells.
Your spell library was empty.

Dungeon Overview and Level Annotations

Branches:
Dungeon (2/15)

Altars:


Innate Abilities, Weirdness & Mutations

You are immune to sickness and miasma.
Your stone body is resilient. (AC +2)
You are immune to poison.
You resist negative energy. (rN+)
You are resistant to electric shocks. (rElec)
You are resistant to unholy torment.
You are immune to petrification.


Message History

There is a stone staircase leading up here.
The goblin shouts!
You hear an angry hiss.
The kobold shouts!
You hear a shout!
The goblin shouts!
An adder comes into view.
You hit the goblin.
The goblin is moderately wounded.
You hit the goblin.
You kill the goblin!
The kobold throws a stone.
The stone hits you but does no damage.
An endoplasm comes into view.
The kobold hits you but does no damage.
An adder comes into view.
Things that are here:
a +0 dagger of venom; a goblin corpse The endoplasm quivers.
The adder hisses angrily.
You hit the kobold.
You kill the kobold!
The adder bites you but does no damage. The adder bites you.
Things that are here:
a +0 short sword; 4 stones; a kobold corpse The adder closely misses you.
The endoplasm attacks as you move away!
The endoplasm hits you but does no damage.
The goblin barely misses you. The adder misses you.
The adder barely misses you.
You hit the endoplasm.
The endoplasm is severely wounded.
The adder bites you. The goblin hits you but does no damage.
The adder bites you but does no damage. The endoplasm freezes you.
You are frozen.
The adder bites you but does no damage. The endoplasm barely misses you.
The adder bites you but does no damage.
You closely miss the adder. The adder bites you but does no damage.
The endoplasm freezes you.
You are frozen.
* * * LOW HITPOINT WARNING * * *
The adder bites you.
You die...

#.#.# #...#
#.<## ###...#
.. #.$.#.## ..
#..##).##.#
#....)....###
##..gSJ.......
#....@S...###.
#.........#
#.........#
#...........#
###.........#
##.......##
.........
#.........#


You could see 2 adders, an endoplasm and a goblin.

Vanquished Creatures
  A goblin (D:2)
  A kobold (D:2)
2 creatures vanquished.

Notes
Turn   | Place    | Note
-------+----------+-------------------------------------------
     0 | D:1      | shadowstone the Gargoyle Brigand began the quest for the
                  | Orb.
     0 | D:1      | Reached XP level 1. HP: 12/12 MP: 1/1
    98 | D:2      | Slain by an adder

Illustrated notes

Levels and vault maps discovered:
D:1:      ebering_hopf_link, layout_basic
D:2:      minmay_spotlight, layout_rooms

Action                   || total
-------------------------++-------
Melee: Dagger            ||     5
Armor: Robe              ||     9
Dodge: Dodged            ||     5

Table legend: (Time is in decaauts)
 A = Elapsed time spent in this place.
 B = Non-inter-level travel time spent in this place.
 C = Inter-level travel time spent in this place.
 D = Time resting spent in this place.
 E = Time spent auto-exploring this place.
 F = Levels seen in this place.
 G = Mean time per level.
                   A        B        C        D        E       F      G
               +--------+--------+--------+--------+--------+-----+--------+
         Total |     97 |     97 |      0 |      0 |      0 |   2 |   48.5 |
       Dungeon |     97 |     97 |      0 |      0 |      0 |   2 |   48.5 |
               +--------+--------+--------+--------+--------+-----+--------+

Top non-repeatable levels by time:
     D:1: 85 daAuts
     D:2: 12 daAuts
